 Dungeon Crawl Stone Soup version 0.20-a0-1117-g62da73f (webtiles) character file.

152 grindst0ne the Skirmisher (level 5, -9/43 HPs)
             Began as a Demonspawn Berserker on May 9, 2017.
             Was a Priest of Trog.
             Mangled by an ogre
             ... wielding a +0 giant club
              (21 damage)
             ... on level 4 of the Dungeon.
             The game lasted 00:07:59 (3484 turns).

grindst0ne the Skirmisher (Demonspawn Berserker)    Turns: 3484, Time: 00:08:00

Health: -9/43      AC:  6    Str: 18    XL:     5   Next: 11%
Magic:  5/5        EV: 12    Int:  8    God:    Trog [***...]
Gold:   202        SH:  0    Dex: 13    Spells: 4/4 levels left

rFire    . . .     SeeInvis .   a - +0 hand axe
rCold    . . .     Gourm    .   (no shield)
rNeg     . . .     Faith    +   b - +1 animal skin
rPois    .         Spirit   .   (no helmet)
rElec    .         Reflect  .   A - +0 cloak
rCorr    .         Harm     .   (no gloves)
MR       .....                  (no boots)
Stlth    +++.......             h - amulet of faith
Regen    0.2/turn               (no ring)
MPRegen  0.1/turn               (no ring)

@: slowed, very slow
A: thin metallic scales 1, nightstalker 2
a: Berserk, Trog's Hand, Burn Spellbooks, Renounce Religion


You were on level 4 of the Dungeon.
You worshipped Trog.
Trog was most pleased with you.
You were near starving.

You visited 1 branch of the dungeon, and saw 4 of its levels.

You collected 202 gold pieces.

Inventory:

Hand Weapons
 a - a +0 hand axe (weapon)
Missiles
 u - 37 poisoned needles
Armour
 b - a +1 animal skin (worn)
 i - a +0 ring mail
 n - a +0 chain mail
 r - a +0 plate armour
 A - a +0 cloak (worn)
Jewellery
 h - an amulet of faith (around neck)
 y - a cursed amulet of inaccuracy {unknown}
Wands
 l - a wand of confusion (24/48)
Scrolls
 g - 2 scrolls of immolation
 k - a scroll of teleportation {unknown}
 o - 5 scrolls of identify {unknown}
 q - 2 scrolls of enchant weapon {unknown}
 s - a scroll of fog {unknown}
 B - a scroll of magic mapping {unknown}
Potions
 d - a potion of agility {unknown}
 e - 2 potions of brilliance {unknown}
 j - a potion of lignification {unknown}
 m - 2 potions of curing {unknown}
 p - a potion of mutation {unknown}
 t - a potion of haste {unknown}
 w - a potion of flight {unknown}
 x - a potion of berserk rage {unknown}
 z - 3 potions of degeneration {unknown}
Comestibles
 c - 2 bread rations
 f - a royal jelly
 v - 4 fruits


   Skills:
 + Level 4.5 Fighting
 + Level 4.3 Axes
 - Level 1.7 Armour
 - Level 1.7 Dodging


You had 4 spell levels left.
You didn't know any spells.

Dungeon Overview and Level Annotations

Branches:
Dungeon (4/15)
 Temple: D:4-7

Altars:


Innate Abilities, Weirdness & Mutations

You are partially covered in thin metallic scales. (AC +2)
You are significantly more attuned to the shadows.


Message History

You hit the ogre.
The ogre is moderately wounded.
You slash the dart slug! You barely miss the ogre.
The ogre is moderately wounded.
You hit the dart slug.
You kill the dart slug!
Trog accepts your kill. The ogre closely misses you.
You feel a strong urge to attack something.
The ogre hits you with a giant club!
* * * LOW HITPOINT WARNING * * *
You are no longer berserk.
You are exhausted.
You feel yourself slow down. The ogre barely misses you.
The ogre completely misses you.
You are near starving!
The ogre hits you with a giant club!!
You die...

#.......# #.......#
######.###### #. #.#.#
#.............
#.##.#.####.#####.###### #
#.##.... ....##...#
###.#.##.#.# #..##...#
....#.##.#.####..##...##...#
..........O@...............+
....#.##.#.##.#..####.##...#
.......#.#.##.#..# .# #..
###.#..#.#.##.#..# .# #..
#..#..#.#.##.#..# ###.. #.
#..#.#.##.#... .....
....†............. ###..
##..#..#... #.. #..##.#...
#..


You could see an ogre.

Vanquished Creatures
  Ijyb (D:3)
  A gnoll (D:1)
  An adder (D:2)
  2 oozes (D:1)
  2 worms
  2 dart slugs
  5 leopard geckos
  3 giant cockroaches
  7 hobgoblins
  13 jackals
  11 kobolds
  A quokka (D:4)
  9 bats
  6 frilled lizards
  10 goblins
  8 rats
82 creatures vanquished.

Notes
Turn   | Place    | Note
-------+----------+-------------------------------------------
     0 | D:1      | grindst0ne the Demonspawn Berserker began the quest for the Orb.
     0 | D:1      | Reached XP level 1. HP: 18/18 MP: 1/1
   277 | D:1      | Gained mutation: You are slightly more attuned to the shadows. [demonic ancestry]
   277 | D:1      | Reached XP level 2. HP: 22/24 MP: 2/2
   678 | D:1      | Reached ** piety under Trog
   743 | D:1      | Gained mutation: You are partially covered in thin metallic scales. (AC +2) [demonic ancestry]
   743 | D:1      | Reached XP level 3. HP: 24/29 MP: 3/3
  1673 | D:2      | Reached XP level 4. HP: 37/37 MP: 4/4
  2368 | D:3      | Reached *** piety under Trog
  2591 | D:3      | Noticed Ijyb
  2680 | D:3      | Killed Ijyb
  3063 | D:3      | Gained mutation: You are significantly more attuned to the shadows. [demonic ancestry]
  3063 | D:3      | Reached XP level 5. HP: 43/43 MP: 5/5
  3464 | D:4      | Noticed an ogre
  3484 | D:4      | Mangled by an ogre

Vault maps used:
D:1:      lightli_arrival_chessboard, feat_on_display
D:2:      minmay_door_path
D:3:      kennysheep_big_flooded_room, uniq_ijyb
D:4:      kennysheep_goblin_castle, first_bread

Skill      XL: |  1  2  3  4 |
---------------+-------------+-----
Axes           | 3 4 |  4.3
Fighting       | 4 |  4.5
Armour         | |  1.7
Dodging        | |  1.7

Action                   |  1- 3 |  4- 6 || total
-------------------------+-------+-------++-------
Melee: Hand axe          |   153 |   158 ||   311
Invok: Berserk           |     4 |     5 ||     9
  Use: Scroll            |     3 |       ||     3
 Stab: Sleeping          |     5 |     2 ||     7
  Eat: Chunk             |     5 |    10 ||    15
Armor: Animal skin       |    26 |       ||    26
       Ring mail         |    22 |     2 ||    24
       Chain mail        |       |   149 ||   149
Dodge: Dodged            |   102 |    97 ||   199
